 Dungeon Crawl Stone Soup version 0.24.0-2-g5b39cebb1c (webtiles) character file.

Game seed: 2835093493572557971, levelgen mode: deterministic

226 Monsterracer the Sneak (level 5, -5/24 HPs)
             Began as a Spriggan Enchanter on Oct 29, 2019.
             Slain by Bodigarde's ghost (8 damage)
             ... on level 3 of the Dungeon.
             The game lasted 00:06:09 (2706 turns).

Monsterracer the Sneak (Spriggan Enchanter)         Turns: 2706, Time: 00:06:10

Health: -5/24      AC:  2    Str:  4    XL:     5   Next: 69%
Magic:  4/13       EV: 18    Int: 18    God:
Gold:   140        SH:  0    Dex: 16    Spells: 4/13 levels left

rFire    . . .     SeeInvis +   a - +1 dagger
rCold    . . .     Gourm    .   (shield restricted)
rNeg     . . .     Faith    .   b - +0 robe
rPois    .         Spirit   .   (helmet restricted)
rElec    .         Reflect  .   (no cloak)
rCorr    .         Harm     .   (gloves unavailable)
MR       .....                  (boots unavailable)
Stlth    +++.......             (no amulet)
HPRegen  0.08/turn              (no ring)
MPRegen  0.13/turn              (no ring)

@: very quick
A: very small, unfitting armour, see invisible, herbivore, speed 3, slow
metabolism 2
a: no special abilities


You were on level 3 of the Dungeon.
You were not hungry.

You visited 1 branch of the dungeon, and saw 3 of its levels.

You collected 140 gold pieces.

Inventory:

Hand Weapons
 a - a +1 dagger (weapon)
Armour
 b - a +0 robe (worn)
Scrolls
 e - 3 scrolls of identify {unknown}
 g - a scroll of teleportation {unknown}
 h - a scroll of enchant armour {unknown}
 l - a scroll of remove curse {unknown}
 m - a scroll of enchant weapon {unknown}
 o - a scroll of immolation {unknown}
 p - 3 scrolls of magic mapping {unknown}
 q - a scroll of blinking {unknown}
Potions
 d - 2 potions of ambrosia {unknown}
 f - a potion of berserk rage {unknown}
 i - a potion of heal wounds
 j - a potion of lignification {unknown}
 k - a potion of curing {unknown}
 n - 2 potions of mutation {unknown}
 r - a potion of haste {unknown}
Comestibles
 c - 4 rations


   Skills:
 * Level 3.6 Short Blades
 - Level 3.0 Dodging
 + Level 5.7 Stealth
 * Level 4.7 Spellcasting
 + Level 4.5 Hexes


You had 4 spell levels left.
You knew the following spells:

 Your Spells              Type           Power        Failure   Level  Hunger
b - Ensorcelled Hibernat  Hex/Ice        ##....       9%          2    #......
c - Confuse               Hex            ###.....     6%          3    ###....
d - Tukima's Dance        Hex            ###.....     6%          3    ###....
j - Corona                Hex            ###....      2%          1    None

Your spell library contained the following spells:

 Spells                   Type           Power        Failure   Level  Hunger
 Dazzling Spray           Conj/Hex       ##....       16%         3    ###....


Dungeon Overview and Level Annotations

Branches:
Dungeon (3/15)

Altars:
Fedhas
Nemelex Xobeh
Qazlal

Annotations:
D:3 Bodigarde's ghost, amateur DrTm


Innate Abilities, Weirdness & Mutations

You are very small and have problems with some larger weapons.
You are too small for most types of armour.
You have supernaturally acute eyesight. (SInv)
You are a herbivore.
You cover ground extremely quickly.
You need to consume almost no food.


Message History

You hit Bodigarde's ghost but do no damage.
Bodigarde's ghost is moderately damaged.
Bodigarde's ghost hits you but does no damage.
You barely miss Bodigarde's ghost.
Bodigarde's ghost is moderately damaged.
Bodigarde's ghost misses you.
You hit Bodigarde's ghost but do no damage.
Bodigarde's ghost is moderately damaged.
You hit Bodigarde's ghost.
Bodigarde's ghost is moderately damaged.
You hit Bodigarde's ghost.
Bodigarde's ghost is heavily damaged.
Bodigarde's ghost misses you.
You hit Bodigarde's ghost.
Bodigarde's ghost is heavily damaged.
Bodigarde's ghost seems less confused.
You closely miss Bodigarde's ghost.
Bodigarde's ghost is heavily damaged.
Bodigarde's ghost completely misses you.
You hit Bodigarde's ghost but do no damage.
Bodigarde's ghost is heavily damaged.
Bodigarde's ghost misses you.
You hit Bodigarde's ghost but do no damage.
Bodigarde's ghost is heavily damaged.
Bodigarde's ghost completely misses you.
Casting: Confuse (safe; 6% risk of failure)
Confirm with . or Enter, or press ? or * to list all spells.
Aiming: Confuse (safe; 6% risk of failure)
Press: ? - help, Shift-Dir - straight line, f/p - Bodigarde's ghost
Aim: Bodigarde's ghost (heavily damaged, chance to defeat MR: 45%) Bodigarde's ghost appears confused.
Bodigarde's ghost hits you!
You are too injured to fight recklessly!
You are too injured to fight recklessly!
You hit Bodigarde's ghost but do no damage.
Bodigarde's ghost is heavily damaged.
You hit Bodigarde's ghost but do no damage.
Bodigarde's ghost is heavily damaged.
Bodigarde's ghost hits you.
* * * LOW HITPOINT WARNING * * *
You hit Bodigarde's ghost.
Bodigarde's ghost is heavily damaged.
Bodigarde's ghost barely misses you.
You barely miss Bodigarde's ghost.
Bodigarde's ghost is heavily damaged.
You hit Bodigarde's ghost but do no damage.
Bodigarde's ghost is heavily damaged.
You hit Bodigarde's ghost but do no damage.
Bodigarde's ghost is heavily damaged.
You barely miss Bodigarde's ghost.
Bodigarde's ghost is heavily damaged.
You hit Bodigarde's ghost but do no damage.
Bodigarde's ghost is heavily damaged.
You catch the helpless Bodigarde's ghost completely off-guard!
You puncture Bodigarde's ghost!
Bodigarde's ghost is almost destroyed.
Bodigarde's ghost hits you.
* * * LOW HITPOINT WARNING * * *
Unknown command.
You hit Bodigarde's ghost.
Bodigarde's ghost is almost destroyed.
You hit Bodigarde's ghost but do no damage.
Bodigarde's ghost is almost destroyed.
You hit Bodigarde's ghost but do no damage.
Bodigarde's ghost is almost destroyed.
Bodigarde's ghost misses you.
You hit Bodigarde's ghost but do no damage.
Bodigarde's ghost is almost destroyed.
Bodigarde's ghost seems less confused.
Bodigarde's ghost hits you.
* * * LOW HITPOINT WARNING * * *
You hit Bodigarde's ghost but do no damage.
Bodigarde's ghost is almost destroyed.
Bodigarde's ghost misses you.
A hobgoblin comes into view.
Found a scroll labeled MAK FER PO ATO.
r - a fuming purple potion
p - 3 scrolls labeled MAK FER PO ATO (gained 2)
Casting: Confuse (safe; 6% risk of failure)
Confirm with . or Enter, or press ? or * to list all spells.
Aiming: Confuse (safe; 6% risk of failure)
Press: ? - help, Shift-Dir - straight line, f/p - Bodigarde's ghost
Aim: Bodigarde's ghost (severely damaged, chance to defeat MR: 45%) Bodigarde's ghost resists with some effort.
Casting: Confuse (safe; 6% risk of failure)
Confirm with . or Enter, or press ? or * to list all spells.
Aiming: Confuse (safe; 6% risk of failure)
Press: ? - help, Shift-Dir - straight line, p - Bodigarde's ghost Nothing appears to happen.
Casting: Confuse (safe; 6% risk of failure)
Confirm with . or Enter, or press ? or * to list all spells.
Aiming: Confuse (safe; 6% risk of failure)
Press: ? - help, Shift-Dir - straight line, f - Bodigarde's ghost
Aim: Bodigarde's ghost (severely damaged, chance to defeat MR: 45%) Bodigarde's ghost appears confused.
You hit Bodigarde's ghost.
Bodigarde's ghost is almost destroyed.
Bodigarde's ghost completely misses you.
You hit Bodigarde's ghost but do no damage.
Bodigarde's ghost is almost destroyed.
Bodigarde's ghost hits you!
You die...

#...##..>...#.#.# #.# .# #
#.#...........W.# #.###.#
.#####...........##.####.#...#
....###..##......##.###......#
....?...)........##.##...#...#
.........##..........†.#...###
.............####..........#
............####W...#'#.....#
................@..##.##..#.#
..................##...##...#
...#.##^.....###.##.....##..#
####......(†.# #.#⌠.%♣!.⌠#.##
.....#.####..# #.##.....##.#
.###.#.# #.)†....##...##..#
.......# #.#.....[##⌠##..#
......# #.##....(.###.. .....#
...............


You could see Bodigarde's ghost (confused).

Vanquished Creatures
  Sigmund (D:2)
  2 adders (D:2 D:3)
  An ooze (D:2)
  A dart slug (D:1)
  A leopard gecko (D:1)
  An orc (D:3)
  5 bats (D:1 D:3)
  A giant cockroach (D:3)
  8 goblins (D:1 D:2)
  5 hobgoblins (D:1 D:3)
  6 jackals (D:1 D:3)
  A ball python (D:1)
  3 frilled lizards (D:1)
  9 kobolds (D:1 D:2)
  7 rats (D:1 D:2 D:3)
52 creatures vanquished.

Notes
Turn   | Place    | Note
-------+----------+-------------------------------------------
     0 | D:1      | Monsterracer the Spriggan Enchanter began the quest for the
                  | Orb.
     0 | D:1      | Reached XP level 1. HP: 9/9 MP: 5/5
    79 | D:1      | HP: 4/9 [kobold/+0 dagger (3)]
   357 | D:1      | Reached XP level 2. HP: 10/13 MP: 7/7
   362 | D:1      | Learned a level 2 spell: Ensorcelled Hibernation
  1028 | D:1      | Reached XP level 3. HP: 16/16 MP: 8/8
  1247 | D:2      | Found a sparkling altar of Nemelex Xobeh.
  1326 | D:2      | HP: 6/16 [kobold/+0 short sword (4)]
  1527 | D:2      | Found a stormy altar of Qazlal.
  1555 | D:2      | Found a blossoming altar of Fedhas.
  1599 | D:2      | Noticed Sigmund
  1661 | D:1      | Learned a level 3 spell: Confuse
  1665 | D:1      | Learned a level 3 spell: Tukima's Dance
  1814 | D:2      | HP: 8/16 [ooze (3)]
  1920 | D:2      | Killed Sigmund
  1920 | D:2      | Reached skill level 5 in Stealth
  1920 | D:2      | Reached XP level 4. HP: 18/21 MP: 3/11
  1920 | D:2      | Reached XP level 5. HP: 20/24 MP: 3/12
  2622 | D:3      | Found a runed translucent door.
  2624 | D:3      | Noticed Bodigarde's ghost (amateur DrTm)
  2660 | D:3      | HP: 11/24 [Bodigarde's ghost (3)]
  2669 | D:3      | HP: 6/24 [Bodigarde's ghost (6)]
  2673 | D:3      | HP: 1/24 [Bodigarde's ghost (5)]
  2706 | D:3      | Slain by Bodigarde's ghost

Levels and vault maps discovered:
D:1:      minmay_arrival_cross, layout_rooms
D:2:      layout_loops_cross, grunt_temple_overflow_forces_of_nature,
          overflow_temple_1_default, uniq_sigmund
D:3:      layout_rooms, hellmonk_ghost_happy_afterlife, serial_glass,
          glass_columns_a, glass_columns_a, first_ration, uniq_natasha

Skill      XL: |  1  2  3 |
---------------+----------+-----
Spellcasting   | 3 4 |  4.7
Short Blades   | 2 3 |  3.6
Stealth        | 5 |  5.7
Hexes          | 4 |  4.5
Dodging        | |  3.0

Action                   |  1- 3 |  4- 6 || total
-------------------------+-------+-------++-------
Melee: Dagger            |   187 |    87 ||   274
 Cast: Corona            |    11 |     4 ||    15
       Ensorcelled Hiber |    11 |     6 ||    17
       Confuse           |     1 |     5 ||     6
 Stab: Sleeping          |    13 |     6 ||    19
       Confused          |       |     2 ||     2
  Eat: Ration            |       |     1 ||     1
Armor: Robe              |    24 |    11 ||    35
Dodge: Dodged            |   156 |    68 ||   224
